 Dungeon Crawl Stone Soup version 0.31-a0-246-g8cbcc1cb85 (webtiles) character file.

Game seed: 17886749331021418895

13 qw the Shooter (level 2, -2/16 HPs)
             Began as a Gargoyle Hexslinger on July 12, 2023.
             Slain by a worm (9 damage)
             ... on level 2 of the Dungeon.
             The game lasted 00:00:12 (665 turns).

qw the Shooter (Gargoyle Hexslinger)                 Turns: 665, Time: 00:00:12

Health: -2/16      AC:  5    Str: 11    XL:     2   Next: 37%
Magic:  3/3        EV: 11    Int: 13    God:
Gold:   74         SH:  0    Dex: 12    Spells: 2/3 levels left

rFire   . . .        Y - +1 sling
rCold   . . .        (no shield)
rNeg    + . .        h - +0 leather armour
rPois   inf          (no helmet)
rElec   +            (no cloak)
rCorr   .            (no gloves)
SInv    .            (no boots)
Will    .....        (no amulet)
Stlth   +            (no ring)
HPRegen 0.22/turn    (no ring)
MPRegen 0.08/turn

%: no passive effects
@: no status effects
A: sickness immunity, AC +2, negative energy resistance 1, electricity
resistance, torment resistance 1, petrification resistance
a: no special abilities


You were on level 2 of the Dungeon.
You visited 1 branch of the dungeon, and saw 2 of its levels.

You collected 74 gold pieces.


Innate Abilities, Weirdness & Mutations

You are immune to sickness and miasma.
Your stone body is resilient. (AC +2)
You are immune to poison.
You resist negative energy. (rN+)
You are resistant to electric shocks. (rElec)
You are resistant to unholy torment.
You are immune to petrification.


   Skills:
 + Level 1.1 Fighting
 - Level 3.0 Ranged Weapons
 - Level 1.5 Dodging
 - Level 1.0 Spellcasting
 - Level 2.6 Hexes


You had 2 spell levels left.
You knew the following spells:

 Your Spells              Type           Power      Damage    Failure   Level
a - Slow                  Hex            28%        N/A       12%         1

Your spell library contained the following spells:

 Spells                   Type           Power      Damage    Failure   Level
 Inner Flame              Hex/Fire       4%         N/A       54%         3
 Portal Projectile        Hex/Tloc       8%         N/A       54%         3
 Cause Fear               Hex            3%         N/A       77%         4

Inventory:

Hand Weapons
 Y - a +1 sling (weapon)
Armour
 h - a +0 leather armour (worn)
Scrolls
 g - a scroll of identify
Potions
 d - a potion of magic {unknown}
 i - a potion of curing {unknown}

Dungeon Overview and Level Annotations

Branches:
Dungeon (2/15)

Altars:

Annotations:
D:1 2 transporters


Message History

You assume a fearsome visage.
Nothing appears to happen.
It was a scroll of fear.
Partly explored, unvisited transporter.
594 ||| READING 2 scrolls labelled JYL KICIYRAJIWA.
As you read the scroll labelled JYL KICIYRAJIWA, it crumbles to dust.
It is a scroll of identify.
Really abort (and waste the scroll)?
Partly explored, unvisited transporter.
595 ||| DROPPING scroll of poison.
You drop a scroll of poison.
Partly explored, unvisited transporter.
(D) Dungeon
Where to? (* - list waypoints, ? - help)
What level of the Dungeon? (default 1, ? - help)
There is a stone staircase leading down here.
You climb downwards.
There is a stone staircase leading up here.
Waypoint 1 assigned to D:2.
Found 7 stones.
You see here 7 stones.
You see here 7 stones.
A worm comes into view.
Found 6 gold pieces.
You shoot a sling bullet. The sling bullet hits the worm.
The worm is moderately wounded.
You shoot a sling bullet.
The sling bullet barely misses the worm.
The worm completely misses you.
You shoot a sling bullet. The sling bullet hits the worm.
The worm is moderately wounded.
You shoot a sling bullet. The sling bullet hits the worm.
The worm is severely wounded.
The worm bites you.
You shoot a sling bullet. The sling bullet hits the worm.
The worm is severely wounded.
The worm bites you!
You shoot a sling bullet. The sling bullet hits the worm.
The worm is almost dead.
The worm bites you!
Ouch! That really hurt!
You die...

#########
#.......#
#.#####.# ###
#####.#####.####..
#................#
#.###.##..#.####..
#.# #.##(.#.# ##.
#.# #.......# ##.
#@# ####..######..
#...w...# ####
#..... #$.##.#.#
#<##.# #. #.#...
#.##.# # ..# ...
#.##.. .## .....
#.###. . .... #.#
. .. .... #.. .
### .


You could see a worm.

Vanquished Creatures
  2 bats (D:1)
  2 endoplasms (D:1)
  2 giant cockroaches (D:1)
  2 goblins (D:1)
  2 frilled lizards (D:1)
  A kobold (D:1)
  A rat (D:1)
12 creatures vanquished.

Notes
Turn   | Place    | Note
-------+----------+-------------------------------------------
     0 | D:1      | qw the Gargoyle Hexslinger began the quest for the Orb.
     0 | D:1      | Reached XP level 1. HP: 12/12 MP: 2/2
     0 | D:1      | 0 ||| qw: Version: 0.3-a-52-g30416fa
     0 | D:1      | 0 ||| qw: Game counter: 6270
     0 | D:1      | 0 ||| qw: Melee chars always use a shield: true
     0 | D:1      | 0 ||| qw: God list: Okawaru
     0 | D:1      | 0 ||| qw: Allow faded altars: false
     0 | D:1      | 0 ||| qw: Do Orc after clearing Dungeon:15 true
     0 | D:1      | 0 ||| qw: Do second Lair branch before Depths: true
     0 | D:1      | 0 ||| qw: Lair rune preference: random
     0 | D:1      | 0 ||| qw: Goals: Normal
     0 | D:1      | 0 ||| PLANNING D:1-11
    81 | D:1      | Reached XP level 2. HP: 14/16 MP: 3/3
   467 | D:1      | Reached skill level 3 in Ranged Weapons
   467 | D:1      | Found a faded altar of an unknown god.
   581 | D:1      | 581 ||| UPGRADING to +0 leather armour.
   591 | D:1      | 591 ||| DROPPING +0 robe.
   592 | D:1      | 592 ||| READING scroll labelled KOTIASTR RIUVI.
   593 | D:1      | 593 ||| READING scroll labelled FIHOSUNOMN.
   594 | D:1      | 594 ||| READING 2 scrolls labelled JYL KICIYRAJIWA.
   595 | D:1      | 595 ||| DROPPING scroll of poison.
   665 | D:2      | Slain by a worm

Levels and vault maps discovered:
D:1:      spicycebolla_arrival_transporter_tutorial, layout_basic,
          basic_ecumenical_altar
D:2:      layout_loops_cross, minmay_crystal_room

Skill      XL: |  1  2 |
---------------+-------+-----
Ranged Weapons | 3 |  3.0
Fighting       | |  1.1
Dodging        | |  1.5
Spellcasting   | |  1.0
Hexes          | |  2.6

Action                     || total
---------------------------++-------
   Fire: Sling             ||    38
    Use: Scroll            ||     3
 Armour: Robe              ||     5
  Dodge: Dodged            ||     6

Table legend:
 A = Non-vault XP
 B = Vault XP
 C = Vault XP percentage of total XP
 D = Non-vault monster count
 E = Vault monster count
 F = Vault count percentage of total count
                 A         B        C        D         E       F
            +---------+---------+-------+---------+---------+-------
      Total |      19 |       0 |   0.0 |      12 |       0 |   0.0
            +---------+---------+-------+---------+---------+-------
        D:1 |      19 |       0 |   0.0 |      12 |       0 |   0.0
            +---------+---------+-------+---------+---------+-------
